 Dungeon Crawl Stone Soup version 0.30-a0-757-ga6a79fd877 (webtiles) character file.

Game seed: 8285742198946047569

107364 Pooter the Severer (level 16, -8/219 HPs)
             Began as a Minotaur Berserker on Feb 9, 2023.
             Was an Elder of Trog.
             Killed from afar by a deep elf pyromancer (19 damage)
             ... with a bolt of fire
             ... on level 1 of the Elven Halls.
             The game lasted 02:57:17 (27357 turns).

Pooter the Severer (Minotaur Berserker)            Turns: 27357, Time: 02:57:18

Health: -8/219     AC: 28    Str: 25    XL:     16   Next: 0%
Magic:  0/15       EV: 12    Int:  6    God:    Trog [****..]
Gold:   1397       SH:  0    Dex: 13    Spells: 15/15 levels left

rFire   . . .      SeeInvis .    a - +7 battleaxe (heavy)
rCold   + . .      Faith    .    (shield currently unavailable)
rNeg    . . .      Spirit   +    q - +2 crystal plate armour {rC+}
rPois   .          Reflect  .    j - +1 hat
rElec   .          Harm     .    Y - scarf {shadows}
rCorr   .          Rampage  .    e - +1 pair of gloves
Will    +++..                    (no boots) Stlth
                                 G - amulet of guardian spirit
HPRegen 1.56/turn                W - +5 ring of evasion
MPRegen 0.14/turn                m - +4 ring of protection

@: mighty, berserking (expiring), strong-willed (expiring), regenerating
(expiring), very quick
A: horns 2, retaliatory headbutt
a: Renounce Religion, Berserk, Trog's Hand, Brothers in Arms


You were on level 1 of the Elven Halls.
You worshipped Trog.
Trog was greatly pleased with you.
You visited 4 branches of the dungeon, and saw 23 of its levels.
You also visited: Sewer, Gauntlet and Ice Cave.

You collected 2605 gold pieces.
You spent 1208 gold pieces at shops.

Inventory:

Hand Weapons
 a - a +7 heavy battleaxe (weapon)
   (Trog gifted it to you on level 11 of the Dungeon)
 b - a +4 antimagic arbalest
   (You bought it in a shop on level 1 of the Elven Halls)
 r - a +2 glaive of holy wrath
   (You took it off an orc warrior on level 2 of the Orcish Mines)
 C - a +2 heavy flail
   (You found it on level 5 of the Lair of Beasts)
 O - a +1 antimagic war axe
   (You took it off an orc on level 5 of the Dungeon)
 Q - a +3 war axe of electrocution
   (You took it off a wight on level 8 of the Dungeon)
 S - the +1 broad axe "Ygip" {venom, rF- rCorr Int+3}
   (You acquired it on level 2 of the Dungeon)

   Int:       It affects your intelligence (+3).
   rF:        It makes you vulnerable to fire.
   rCorr:     It protects you from acid and corrosion.
Missiles
 g - 2 javelins
 k - 38 poisoned darts
 o - 19 boomerangs (quivered)
 E - 4 silver javelins
 P - 6 boomerangs of dispersal {!f}
 V - 12 datura-tipped darts
 X - a curare-tipped dart
Armour
 e - a +1 pair of gloves (worn)
   (You found it on level 1 of the Dungeon)
 j - a +1 hat (worn)
   (You found it on level 9 of the Dungeon)
 q - a +2 crystal plate armour of cold resistance (worn)
   (You found it in an ice cave)
 H - the +0 leather armour of the Lotus Blossom {Regen+ Dex+4 Slay+3}
   (You took it off Sigmund on level 2 of the Dungeon)

   Dex:       It affects your dexterity (+4).
   Slay:      It affects your accuracy & damage with ranged weapons and melee
   (+3).
   Regen:     It increases your rate of health regeneration.
 Y - a scarf of shadows (worn)
   (You found it in a Gauntlet)
Jewellery
 m - a +4 ring of protection (right hand)
   (You found it on level 2 of the Lair of Beasts)
 F - a ring of protection from fire
   (You found it on level 7 of the Dungeon)
 G - an amulet of guardian spirit (around neck)
   (You found it on level 14 of the Dungeon)
 I - a ring of protection from cold
   (You found it on level 6 of the Dungeon)
 L - an amulet of the acrobat
   (You found it on level 6 of the Dungeon)
 N - a ring of positive energy
   (You found it on level 3 of the Lair of Beasts)
 W - a +5 ring of evasion (left hand)
   (You found it in an ice cave)
Wands
 f - a wand of flame (49)
   (You found it on level 8 of the Dungeon)
 n - a wand of charming (11)
   (You found it on level 3 of the Dungeon)
 y - a wand of quicksilver (11)
   (You found it on level 6 of the Dungeon)
 A - a wand of mindburst (4)
   (You found it on level 4 of the Dungeon)
Scrolls
 d - a scroll of immolation {!r}
 i - 2 scrolls of identify {@r1}
 s - 14 scrolls of teleportation {unknown}
 z - 7 scrolls of fear
 D - 2 scrolls of fog
 J - 6 scrolls of noise {!r}
 M - 2 scrolls of silence
 R - a scroll of magic mapping
 Z - 2 scrolls of blinking
Potions
 c - 6 potions of haste {@q3}
 h - 3 potions of lignification {!q}
 l - 9 potions of heal wounds {@q2}
 p - a potion of invisibility
 u - 8 potions of curing {@q1}
 w - 3 potions of flight
 x - 4 potions of attraction {!q}
 B - 2 potions of cancellation
 K - 4 potions of mutation {!q}
 T - 3 potions of might
 U - a potion of resistance
Miscellaneous
 t - a condenser vane (inert)
   (You found it on level 9 of the Dungeon)
 v - a box of beasts
   (You found it on level 13 of the Dungeon)


   Skills:
 + Level 14.1 Fighting
 + Level 18.4(18.5) Axes
 - Level 3.2(12.5) Maces & Flails
 + Level 14.6 Ranged Weapons
 + Level 7.6 Armour
 + Level 6.9 Dodging
 + Level 5.5 Stealth
 - Level 12.0 Shields
 + Level 9.4 Evocations


You had 15 spell levels left.
You didn't know any spells.
Your spell library was empty.

Dungeon Overview and Level Annotations

Branches:
Dungeon (15/15)            Temple (0/1) D:6            Lair (5/5) D:9
 Shoals (0/4) Lair:3       Spider (0/4) Lair:3        Slime (0/5) Lair:5
    Orc (2/2) D:11            Elf (1/3) Orc:2        Vaults (0/5) D:13
 Depths (0/4) D:15          Sewer (visited)           IceCv (visited)
Gauntlet (visited)

Altars:
Ashenzari
Cheibriados
Fedhas
Gozag
Hepliaklqana
Sif Muna
Wu Jian
Zin

Shops:
D:7 :   D:14 (   Orc:2 :(*[   Elf:1 (


Innate Abilities, Weirdness & Mutations

You have a pair of horns on your head.
You reflexively headbutt those who attack you in melee.


Message History

* * * LOW HITPOINT WARNING * * *
The deep elf zephyrmancer convulses!
The Tzitzimitl calls on the powers of darkness!
The deep elf demonologist convulses!
Your body is wracked with pain!
* * * LOW MAGIC WARNING * * *
* * * LOW HITPOINT WARNING * * *
A red film seems to cover your vision as you go berserk!
You feel yourself moving faster!
You feel mighty!
The deep elf zephyrmancer hits you but does no damage.
A deep elf pyromancer comes into view. It is wielding a +0 dagger.
The deep elf demonologist casts a spell.
The tormentor hits you but does no damage.
The tormentor misses you.
The reaper hits you from afar with a +4 heavy scythe!!
* * * LOW MAGIC WARNING * * *
* * * LOW HITPOINT WARNING * * *
The Tzitzimitl calls on the powers of darkness!
The deep elf demonologist convulses!
Your body is wracked with pain!
* * * LOW HITPOINT WARNING * * *
You carve the deep elf zephyrmancer like a ham!!!
You kill the deep elf zephyrmancer!
Trog accepts your kill.
Trog appreciates your killing of a magic user.
You slice the tormentor!!
You kill the tormentor!
The tormentor disappears in a puff of smoke!
You open the deep elf demonologist like a pillowcase!!!!
You kill the deep elf demonologist!
Trog accepts your kill.
Trog appreciates your killing of a magic user.
The Tzitzimitl disappears in a puff of smoke!
The reaper disappears in a puff of smoke!
The ice devil disappears in a puff of smoke!
The orange demon disappears in a puff of smoke!
You feel the effects of Trog's Hand fading.
The deep elf pyromancer casts a spell.
The deep elf pyromancer blinks!
You have reached level 16!
You feel agile.
The deep elf pyromancer casts a spell.
The deep elf pyromancer blinks!
There is an open door, spattered with blood here.
Things that are here:
a +0 short sword; a +0 scale mail; an elf corpse You feel a strong urge to attack something.
You slam the door shut with a bang, pushing everything out of the way!
You see here an elf corpse.
The deep elf pyromancer casts a spell at you.
The bolt of fire hits you!!
You die...

..# ##.#......# # .'#
#..#....### # #.. #e#
##...#...## ##.e #.#
#....#....# .# ... #.#
#...#...## ..e .. #)#
#....#..# ?...#$ #.#
##'...#.'##
#.....####+####.#....##.##
#....)§@§#'#########.##
###....)..## ##.##
##...e§.§..## ##'#
#...........# ##.
#.....).....##########..
#...........'........'..
#.........>.##########..
#...........# ##.
##.........## ##


You could see a deep elf pyromancer.

Vanquished Creatures
  Donald (Orc:2)
  Roxanne (D:15)
  Louise (Elf:1)
  An orc warlord (Orc:2)
  A stone giant (D:15)
  A deep elf demonologist (Elf:1)
  A minotaur (Gauntlet)
  9 hydras
  An ice dragon (IceCv)
  5 boulder beetles
  7 centaur warriors
  2 catoblepae (Lair:5)
  4 dancing weapons
  A death scarab (Gauntlet)
  8 death yaks
  2 two-headed ogres
  A deep troll shaman (Lair:5)
  4 orc high priests (Orc:2)
  3 sun demons (D:14)
  5 skeletal warriors (D:15)
  A glowing orange brain (Gauntlet)
  A deep elf archer (Elf:1)
  A lindwurm (Lair:5)
  A wizard (D:14)
  8 deep elf zephyrmancers (Elf:1)
  4 orc knights
  7 deep elf pyromancers
  A shining eye (Gauntlet)
  4 orc sorcerers (Orc:2)
  4 oklob plants (Lair:2)
  4 manticores
  9 ugly things
  4 cyclopes
  15 elephants
  A guardian serpent (shapeshifter) (D:14)
  3 black mambas
  A water nymph (shapeshifter) (D:11)
  2 torpor snails
  Maurice (D:13)
  2 ice statues (IceCv)
  A smoke demon (D:14)
  12 cane toads
  A gargoyle (D:12)
  A yaktaur (shapeshifter) (D:15)
  5 komodo dragons
  A yaktaur (D:15)
  6 rime drakes
  2 kobold demonologists
  5 red devils
  8 trolls
  A hornet (D:9)
  6 meliai
  3 polar bears
  13 blink frogs
  A snapping turtle (Lair:3)
  5 dream sheep
  A jumping spider (Lair:3)
  Sigmund (D:2)
  6 slime creatures (D:14)
  2 wraiths (D:10)
  57 yaks
  2 water elementals (Elf:1)
  2 wyverns
  A spectral komodo dragon (Gauntlet)
  The ghost of JumpingJurisdiction the Trooper, an amateur HuCA of Ignis (D:4)
  7 basilisks
  2 redbacks (Lair:3)
  A steam dragon (D:8)
  12 vampire mosquitoes
  4 wargs
  Menkaure (D:4)
  2 acid dragons
  17 water moccasins
  A floating eye (Gauntlet)
  Duvessa (D:4)
  Pargi (Sewer)
  A black bear (Lair:5)
  30 orc warriors
  A sky beast (D:8)
  3 ice beasts
  8 wolves
  A boggart (D:9)
  12 ogres
  13 centaurs
  4 kobold brigands
  Blork the orc (D:4)
  A necrophage (D:5)
  15 bullfrogs
  A gnoll sergeant (D:12)
  A scorpion (D:6)
  5 wights (D:8)
  20 killer bees
  5 lindwurm simulacra (IceCv)
  3 electric eels
  5 howler monkeys (D:13)
  5 komodo dragon simulacra (IceCv)
  A hound (D:3)
  A jelly (D:5)
  21 orc priests
  2 gnoll boudas
  Jessica (D:2)
  2 hell rats (D:9)
  11 iguanas
  21 orc wizards
  Natasha (twice) (D:2)
  12 gnolls
  5 acid dragon simulacra (IceCv)
  10 adders
  2 river rats (D:9)
  A white imp (D:7)
  6 steam dragon simulacra (IceCv)
  4 worms (D:4)
  2 dart slugs (D:2)
  74 orcs
  17 ball pythons
  11 bats
  An endoplasm (D:4)
  2 giant cockroaches
  7 goblins
  10 hobgoblins
  13 jackals
  4 quokkas
  8 frilled lizards
  27 kobolds
  5 rats
744 creatures vanquished.

Vanquished Creatures (collateral kills)
  An orc knight (Orc:1)
  A cyclops (D:9)
  An orc warrior (Orc:2)
  2 orc priests (Orc:2)
  A gnoll bouda (D:10)
  5 orc wizards
  3 gnolls (D:10)
  4 orcs
  2 kobolds (D:7)
  A quokka (D:9)
21 creatures vanquished.

Vanquished Creatures (others)
  An orc warrior (Orc:1)
  Dowan (D:4)
  An orc priest (Orc:1)
  2 orcs
  A bush (Elf:1)
  4 demonic plants (Gauntlet)
  24 fungi
  100 plants
134 creatures vanquished.

Grand Total: 899 creatures vanquished

Notes
Turn   | Place    | Note
-------+----------+-------------------------------------------
     0 | D:1      | Pooter the Minotaur Berserker began the quest for the Orb.
     0 | D:1      | Reached XP level 1. HP: 19/19 MP: 0/0
    49 | D:1      | Reached skill level 4 in Axes
    51 | D:1      | Reached XP level 2. HP: 27/27 MP: 1/1
   214 | D:1      | Reached XP level 3. HP: 33/33 MP: 2/2
   272 | D:1      | Reached ** piety under Trog
   604 | D:2      | Noticed Natasha
   610 | D:2      | Killed Natasha
   611 | D:2      | Reached skill level 5 in Axes
   671 | D:2      | Noticed Jessica
   679 | D:2      | Killed Jessica
   680 | D:2      | Reached XP level 4. HP: 41/41 MP: 3/3
   721 | D:2      | Noticed Natasha
   735 | D:2      | Killed Natasha
   831 | D:2      | Identified a scroll of acquirement
   832 | D:2      | Acquired the +1 broad axe "Ygip" {venom, rF- rCorr Int+3}
   853 | D:2      | Reached skill level 6 in Axes
  1026 | D:2      | Noticed Sigmund
  1042 | D:2      | Reached XP level 5. HP: 44/47 MP: 4/4
  1346 | D:2      | Identified the +0 leather armour of the Lotus Blossom
                  | {Regen+ Dex+4 Slay+3}
  1354 | D:2      | Killed Sigmund
  1355 | D:2      | Reached skill level 5 in Fighting
  1355 | D:2      | Reached XP level 6. HP: 56/56 MP: 5/5
  1711 | D:3      | Reached skill level 7 in Axes
  1817 | D:3      | Found a snail-covered altar of Cheibriados.
  1853 | D:3      | Reached *** piety under Trog
  2477 | D:4      | Noticed Menkaure
  2500 | D:4      | Noticed Dowan
  2500 | D:4      | Found a glowing drain.
  2500 | D:4      | Noticed Duvessa
  2511 | D:4      | Your ally Dowan died
  2513 | D:4      | Killed Duvessa
  2514 | D:4      | Reached skill level 1 in Ranged Weapons
  2514 | D:4      | Reached XP level 7. HP: 62/62 MP: 6/6
  2557 | Sewer    | Entered a sewer
  2596 | Sewer    | Noticed Pargi
  2603 | Sewer    | Killed Pargi
  2668 | Sewer    | Acquired the +5 Storm Queen's Shield {shock, Fly rElec}
  2668 | Sewer    | Found the +5 Storm Queen's Shield {shock, Fly rElec}
  2840 | D:4      | Noticed Blork the orc
  2846 | D:4      | Killed Blork the orc
  2847 | D:4      | Reached skill level 8 in Axes
  2968 | D:4      | Your ally Menkaure died
  3182 | D:4      | Reached **** piety under Trog
  3265 | D:4      | Found a transporter.
  3266 | D:4      | Noticed JumpingJurisdiction's ghost (amateur HuCA)
  3284 | D:4      | Reached XP level 8. HP: 71/71 MP: 7/7
  3428 | D:4      | Found a transporter.
  3438 | D:4      | Killed JumpingJurisdiction's ghost
  3439 | D:4      | Reached skill level 9 in Axes
  3515 | D:5      | Entered Level 5 of the Dungeon
  3869 | D:5      | Reached skill level 5 in Ranged Weapons
  3967 | D:6      | Found a staircase to the Ecumenical Temple.
  4040 | D:6      | Reached skill level 5 in Shields
  4280 | D:6      | Reached XP level 9. HP: 79/79 MP: 8/8
  4433 | D:6      | Reached skill level 10 in Axes
  4475 | D:6      | Found a broken altar of Ashenzari.
  4548 | D:6      | Found an opulent altar of Gozag.
  4553 | D:6      | Found an ornate altar of the Wu Jian Council.
  4831 | D:7      | Reached skill level 1 in Evocations
  5234 | D:7      | Found Plog's Tremendous Tomes.
  5264 | D:7      | Reached skill level 11 in Axes
  5500 | D:7      | Found a shimmering blue altar of Sif Muna.
  5747 | D:8      | Identified the +7 dagger of Reapportionment {pain, rCorr
                  | Dex+3}
  5937 | D:8      | Reached XP level 10. HP: 74/88 MP: 9/9
  5988 | D:8      | Found a hazy altar of Hepliaklqana.
  7235 | D:9      | Found a glowing silver altar of Zin.
  7236 | D:9      | Noticed an angel
  7339 | D:9      | Paralysed by a hornet for 2 turns
  7596 | D:9      | Noticed a cyclops
  7599 | D:9      | Killed a cyclops
  7600 | D:9      | Reached skill level 12 in Axes
  7637 | D:9      | Noticed a boulder beetle
  7648 | D:9      | Killed a boulder beetle
  7705 | D:9      | Noticed a centaur warrior
  7720 | D:9      | Noticed a cyclops
  7721 | D:9      | Killed a cyclops
  7726 | D:9      | Killed a centaur warrior
  7735 | D:9      | Noticed a death yak
  7735 | D:9      | Noticed a death yak
  7738 | D:9      | Noticed a death yak
  7747 | D:9      | Killed a death yak
  7748 | D:9      | Reached XP level 11. HP: 91/97 MP: 10/10
  7749 | D:9      | Killed a death yak
  7751 | D:9      | Killed a death yak
  7805 | D:9      | Found a staircase to the Lair.
  7973 | D:10     | Entered Level 10 of the Dungeon
  7977 | D:10     | Noticed a two-headed ogre
  7986 | D:10     | Killed a two-headed ogre
  8080 | D:10     | Identified the +4 long sword "Asozyvvy" {elec, Int+3}
  8161 | D:10     | Reached skill level 13 in Axes
  8180 | D:10     | Found a blossoming altar of Fedhas.
  8190 | D:10     | Reached skill level 10 in Ranged Weapons
  8745 | D:10     | Reached skill level 10 in Fighting
  8844 | Lair:1   | Entered Level 1 of the Lair of Beasts
  8891 | Lair:1   | Found a gate leading to a gauntlet.
  8900 | Gauntlet | Entered a Gauntlet
  8900 | Gauntlet | Noticed a shining eye
  8900 | Gauntlet | Found a transporter.
  8900 | Gauntlet | Found a transporter.
  8902 | Gauntlet | Found a transporter.
  8919 | Gauntlet | Found a transporter.
  8927 | Gauntlet | Noticed a death scarab
  8932 | Gauntlet | Killed a shining eye
  9005 | Gauntlet | Killed a death scarab
  9006 | Gauntlet | Reached skill level 5 in Evocations
  9050 | Gauntlet | Found a transporter.
  9050 | Gauntlet | Found a transporter.
  9052 | Gauntlet | Noticed a red ugly thing
  9060 | Gauntlet | Noticed a glowing orange brain
  9060 | Gauntlet | Found a transporter.
  9065 | Gauntlet | Killed a red ugly thing
  9067 | Gauntlet | Killed a glowing orange brain
  9073 | Gauntlet | Noticed an entropy weaver
  9149 | Gauntlet | Identified the +12 rapier of Purpose {venom, rN+ Will+
                  | Str+3 Int-4}
  9149 | Gauntlet | Noticed a minotaur
  9156 | Gauntlet | Killed a minotaur
  9157 | Gauntlet | Reached XP level 12. HP: 41/107 MP: 11/11
  9340 | Lair:1   | Reached skill level 14 in Axes
  9524 | Lair:1   | Noticed a four-headed hydra
  9531 | Lair:1   | Killed a four-headed hydra
 11083 | Lair:2   | Reached skill level 15 in Axes
 11411 | Lair:2   | Reached skill level 10 in Shields
 11434 | Lair:3   | Noticed a boulder beetle
 11449 | Lair:2   | Killed a boulder beetle
 12255 | Lair:3   | Found a hole to the Spider Nest.
 12391 | Lair:3   | Reached XP level 13. HP: 112/116 MP: 12/12
 12607 | Lair:3   | Found a staircase to the Shoals.
 13367 | Lair:4   | Reached skill level 16 in Axes
 14066 | Lair:5   | Entered Level 5 of the Lair of Beasts
 14503 | Lair:5   | Reached ***** piety under Trog
 14616 | Lair:5   | Reached XP level 14. HP: 123/127 MP: 13/13
 14878 | Lair:5   | Reached skill level 1 in Stealth
 14956 | Lair:5   | Reached skill level 1 in Maces & Flails
 15120 | Lair:5   | Found a staircase to the Slime Pits.
 15894 | D:11     | Received a gift from Trog
 16042 | D:11     | Reached skill level 17 in Axes
 16098 | D:11     | Found a staircase to the Orcish Mines.
 16819 | D:12     | Found a frozen archway.
 16977 | IceCv    | Entered an ice cave
 18550 | Orc:1    | Entered Level 1 of the Orcish Mines
 19251 | Orc:2    | Entered Level 2 of the Orcish Mines
 19251 | Orc:2    | Noticed Donald
 19258 | Orc:2    | Killed Donald
 19405 | Orc:2    | Reached skill level 5 in Armour
 20310 | Orc:2    | Received a gift from Trog
 20637 | Orc:2    | Reached XP level 15. HP: 136/136 MP: 14/14
 20681 | Orc:2    | Reached skill level 5 in Dodging
 22010 | Orc:2    | Found a staircase to the Elven Halls.
 22148 | Orc:2    | Found Qebrad's General Store.
 22149 | Orc:2    | Found Porur's Book Shop.
 22150 | Orc:2    | Found Nipuypodi's Antique Armour Boutique.
 22150 | Orc:2    | Found Ezocail's Antique Weapon Boutique.
 22155 | Orc:2    | Bought a potion of curing for 42 gold pieces
 22155 | Orc:2    | Bought a potion of heal wounds for 70 gold pieces
 22155 | Orc:2    | Bought 2 potions of might for 112 gold pieces
 22166 | Orc:2    | Bought a pair of embroidered gloves for 240 gold pieces
 22600 | D:13     | Noticed Maurice
 22613 | D:13     | Killed Maurice
 22646 | D:13     | Found a gate to the Vaults.
 23919 | D:14     | Reached skill level 18 in Axes
 25115 | D:14     | Found Ykhlanaffo's Antique Weapon Shoppe.
 25130 | D:14     | Found an ornate altar of the Wu Jian Council.
 25344 | D:15     | Entered Level 15 of the Dungeon
 25389 | D:15     | Found a staircase to the Depths.
 25809 | D:15     | Reached skill level 5 in Stealth
 26049 | D:15     | Identified Roxanne's Writings on the Body
 26049 | D:15     | Noticed Roxanne
 26575 | D:15     | Killed Roxanne
 26822 | Orc:2    | Bought a scroll of enchant armour for 105 gold pieces
 26866 | Elf:1    | Entered Level 1 of the Elven Halls
 26870 | Elf:1    | Noticed Louise
 26881 | Elf:1    | Killed Louise
 27103 | Elf:1    | Found Ixah's Weapon Emporium.
 27110 | Elf:1    | Bought a +4 antimagic arbalest for 639 gold pieces
 27344 | Elf:1    | Noticed a Tzitzimitl
 27352 | Elf:1    | HP: 8/207 [reaper/+4 heavy scythe[a deep elf demonologist]
                  | (31)]
 27355 | Elf:1    | Reached XP level 16. HP: 8/146 MP: 0/15
 27357 | Elf:1    | Killed from afar by a deep elf pyromancer

Illustrated notes

Levels and vault maps discovered:
D:1:      psy_arrival_basics, layout_basic
D:2:      mumra_celtic_spiral_tile, layout_basic, minmay_pentomino_o4,
          uniq_jessica, uniq_natasha, uniq_sigmund
D:3:      layout_rooms, mainiacjoe_overflow_concentric_impassable, minmay_cupped
D:4:      layout_cave_pools, cheibrodos_sewer_entry_drain,
          gammafunk_ghost_smash, minmay_pentomino_pile, uniq_duvessa,
          uniq_menkaure, uniq_blork_the_orc
D:5:      layout_gridville
D:6:      layout_gridville, mainiacjoe_overflow_tiny_flanked,
          mainiacjoe_overflow_big_doors, minmay_temple_entry_water_ring,
          nicolae_nh_ransacked_shop
D:7:      layout_rooms, led_sif_pool, nicolae_shop_i_like_big_books, eino_jars
D:8:      layout_cave_pods, lemuel_crystal_altar
D:9:      minmay_blocky_corners, layout_rooms, zin_angel, dpeg_lair_monsters
D:10:     layout_long_grid, mainiacjoe_overflow_boulevard, minmay_lizard_king
D:11:     layout_long_grid, david_orc_1_choice
D:12:     layout_loops_ring, portal_ice_cave_entry_pillars_1
D:13:     cheibrodos_quadrivalence, layout_irregular_city, erik_vaults_1,
          uniq_maurice
D:14:     layout_basic, serial_shops, nicolae_shop_advertising_works
          [nicolae_subvault_shop_adworks], nicolae_wu_jian_wuxing_cycle
D:15:     grunt_enter_depths_giant_problem, layout_loops_ring,
          roderic_roman_lattice, uniq_roxanne
Lair:1:   layout_cave_shapes, gauntlet_entry_generic, serial_bayou_shore_a
Lair:2:   minmay_lair_oklob_tunnel, layout_regular_city,
          dreamdust_gnoll_shepherd
Lair:3:   layout_misc_corridors, minmay_shoals_entry_hut, spider_nest_entry_a
Lair:4:   layout_cave_pods, chequers_serial_rivers_micro_e
Lair:5:   grunt_lair_end_beastmaster, layout_long_grid, slime_entry_1,
          nicolae_lair_yak_garden, grunt_megastairs_4
Orc:1:    layout_caves
Orc:2:    st_orc_congregation, layout_caves, uniq_donald
Elf:1:    eino_elf_arrival_the_gate, layout_geoelf_octagon, serial_shops,
          nicolae_shop_temple_entry_statues_fountains, minmay_elf_demonology,
          uniq_asterion, uniq_louise

Skill      XL: |  1  2  3  4  5  6  7  8  9 10 11 12 13 14 15 |
---------------+----------------------------------------------+-----
Axes           | 4 5 6 7 8 9 11 12 13 15 16 17 18 | 18.4
Fighting       | 4 5 6 7 8 9 10 11 12 13 14 | 14.1
Shields        | 2 3 5 6 7 9 10 11 12 | 12.0
Ranged Weapons | 1 3 5 7 9 11 12 14 | 14.6
Evocations     | 2 4 5 6 7 8 9 |  9.4
Stealth        | 3 5 |  5.5
Armour         | 5 7 |  7.6
Maces & Flails | 3 |  3.2
Dodging        | 4 6 |  6.9

Action                     |  1- 3 |  4- 6 |  7- 9 | 10-12 | 13-15 | 16-18 || total
---------------------------+-------+-------+-------+-------+-------+-------++-------
  Melee: Hand axe          |    70 |    13 |       |       |       |       ||    83
         Headbutt          |     8 |    11 |    13 |    65 |   135 |       ||   232
         Broad axe         |       |    60 |   115 |   237 |   161 |       ||   573
         War axe           |       |       |       |    11 |    24 |       ||    35
         Flail             |       |       |       |     7 |    80 |       ||    87
         Battleaxe         |       |       |       |       |   362 |       ||   362
         Glaive            |       |       |       |       |     8 |       ||     8
   Fire: Sling             |       |    39 |   127 |   163 |   146 |       ||   475
         Arbalest          |       |       |       |       |   280 |       ||   280
  Throw: Stone             |     2 |       |       |       |       |       ||     2
         Dart              |       |       |     4 |    11 |    11 |       ||    26
         Javelin           |       |       |       |     2 |       |       ||     2
         Boomerang         |       |       |       |       |    23 |       ||    23
 Invoke: Berserk           |     1 |     4 |     9 |    14 |    13 |       ||    41
         Trog's Hand       |       |     1 |     6 |    10 |    37 |       ||    54
  Evoke: Wand              |       |     2 |     2 |    13 |    31 |       ||    48
         Condenser vane    |       |       |       |       |     2 |       ||     2
    Use: Scroll            |       |     7 |     4 |    15 |    13 |       ||    39
         Potion            |       |       |       |     5 |     4 |       ||     9
   Stab: Distracted        |       |     1 |       |       |       |       ||     1
         Invisible         |       |       |       |       |     3 |       ||     3
 Armour: Scale mail        |    23 |    15 |       |       |       |       ||    38
         Leather armour    |       |    11 |     7 |    23 |    62 |       ||   103
         Chain mail        |       |     2 |    21 |       |       |       ||    23
         Crystal plate arm |       |       |       |       |   299 |       ||   299
         Plate armour      |       |       |       |       |    61 |       ||    61
  Dodge: Dodged            |    47 |    38 |    33 |    68 |   452 |       ||   638
  Block: Kite shield       |       |    31 |    85 |   189 |   233 |       ||   538

Table legend: (Time is in decaauts)
 A = Elapsed time spent in this place.
 B = Non-inter-level travel time spent in this place.
 C = Inter-level travel time spent in this place.
 D = Time resting spent in this place.
 E = Time spent auto-exploring this place.
 F = Levels seen in this place.
 G = Mean time per level.
                   A        B        C        D        E       F      G
               +--------+--------+--------+--------+--------+-----+--------+
         Total |  28067 |  26965 |   1102 |   8474 |  12697 |  26 | 1079.5 |
       Dungeon |  15586 |  14825 |    761 |   3948 |   8040 |  15 | 1039.1 |
          Lair |   6489 |   6322 |    167 |   1560 |   3436 |   5 | 1297.8 |
  Orcish Mines |   3877 |   3705 |    172 |   2053 |    759 |   2 | 1938.5 |
   Elven Halls |    507 |    507 |      0 |    128 |    134 |   1 |  507.0 |
         Sewer |    287 |    287 |      0 |     51 |    160 |   1 |  287.0 |
      Ice Cave |    916 |    916 |      0 |    466 |    164 |   1 |  916.0 |
      Gauntlet |    402 |    402 |      0 |    265 |      3 |   1 |  402.0 |
               +--------+--------+--------+--------+--------+-----+--------+

Top non-repeatable levels by time:
   Orc:2: 2851 daAuts
    D:14: 1856 daAuts
  Lair:5: 1531 daAuts
  Lair:2: 1428 daAuts
     D:9: 1366 daAuts
    D:15: 1316 daAuts
  Lair:3: 1308 daAuts
  Lair:4: 1297 daAuts
    D:13: 1251 daAuts
     D:2: 1146 daAuts
     D:8: 1131 daAuts
    D:11: 1087 daAuts
    D:12: 1070 daAuts
   Orc:1: 1025 daAuts
     D:6: 943 daAuts
